 Dungeon Crawl Stone Soup version 0.29-a0-824-gd827844252 (webtiles) character file.

Game seed: 5493620847544893496

1010 nuthulu the Cudgeller (level 8, 0/76 HPs)
             Began as a Gargoyle Fighter on July 9, 2022.
             Slain by a black bear (7 damage)
             ... on level 5 of the Dungeon.
             The game lasted 00:10:43 (5252 turns).

nuthulu the Cudgeller (Gargoyle Fighter)            Turns: 5252, Time: 00:10:43

Health: 0/76       AC: 24    Str: 22    XL:     8   Next: 21%
Magic:  8/8        EV:  2    Int: 12    God:
Gold:   319        SH: 26    Dex:  8    Spells: 7/7 levels left

rFire   . . .      SeeInvis .   a - +1 flail
rCold   . . .      Faith    .   o - +18 shield of the Gong {rElec rN+ Will+ EV-5}
rNeg    + + .      Spirit   .   (body armour currently unavailable)
rPois   ∞          Reflect  .   (helmet currently unavailable)
rElec   +          Harm     .   (cloak currently unavailable)
rCorr   .          Rampage  .   (gloves currently unavailable)
Will    +....      NoTele   +   (boots currently unavailable)
Stlth   +.........              (no amulet)
HPRegen 0.22/turn               (no ring)
MPRegen 0.11/turn               (no ring)

@: tree-form, studying Short Blades
A: stationary, stasis, torment immunity, boosted hp, sickness immunity, AC +5,
negative energy resistance 1, (electricity resistance), torment resistance 1,
petrification resistance, clever 1, deterioration 1
a: no special abilities


You were on level 5 of the Dungeon.
You were a tree.
You visited 1 branch of the dungeon, and saw 6 of its levels.

You collected 319 gold pieces.

Inventory:

Hand Weapons
 a - a +1 flail (weapon)
Armour
 b - a +0 scale mail (melded)
 c - a +0 buckler
 i - a scarf of resistance (melded)
 o - the +18 shield of the Gong (worn) {rElec rN+ Will+ EV-5}
   (You acquired it on level 3 of the Dungeon)

   It is deafeningly noisy when blocking attacks.
   EV:        It affects your evasion (-5).
   rElec:     It insulates you from electricity.
   rN:        It protects you from negative energy.
   Will:      It increases your willpower.
Jewellery
 g - a ring of flight
Wands
 l - a wand of mindburst (8)
 m - a wand of acid (9)
Scrolls
 f - 4 scrolls of blinking
 j - 3 scrolls of teleportation
 k - 3 scrolls of fear
Potions
 e - a potion of resistance
 h - 2 potions of magic
 p - a potion of flight
 q - 2 potions of lignification
 r - a potion of attraction {unknown}


   Skills:
 - Level 5.8 Fighting
 + Level 6.8 Maces & Flails
 - Level 3.2 Armour
 + Level 6.2 Shields


You had 7 spell levels left.
You didn't know any spells.
Your spell library contained the following spells:

 Spells                   Type           Power      Damage    Failure   Level
 Wereblood                Tmut           0%         N/A       80%         2
 Gell's Gravitas          Tloc           0%         N/A       95%         3
 Teleport Other           Tloc           0%         N/A       95%         3
 Dispersal                Tloc           0%         N/A       100%        6
 Summon Hydra             Summ           0%         N/A       100%        7
 Sublimation of Blood     Necr           Unusable   N/A       N/A         2

Dungeon Overview and Level Annotations

Branches:
Dungeon (6/15)
 Temple: D:4-7

Altars:
Fedhas
Hepliaklqana
Kikubaaqudgha
Ru
Wu Jian
Yredelemnul


Innate Abilities, Weirdness & Mutations

You are a tree.
Your roots penetrate the ground, keeping you stationary.
You cannot be teleported.
You are immune to unholy pain and torment.
Your maximum health is greatly increased.
Your equipment is partially melded.
You are immune to sickness and miasma.
((Your stone body is resilient. (AC +5)))
You are immune to poison.
You resist negative energy. (rN+)
((You are resistant to electric shocks. (rElec)))
You are resistant to unholy torment.
You are immune to petrification.
Your mind is acute. (Int +4, Str/Dex -1)
Your body sometimes deteriorates upon taking damage.


Message History

GONNNNG!
You block the black bear's attack.
GONNNNG!
The black bear claws you but does no damage.
You block the necrophage's attack.
PANG!
Unknown command.
The necrophage attacks as you move away!
You block the necrophage's attack.
GONNNNG!
The water moccasin attacks as you move away!
You block the water moccasin's attack.
BOUMMMMG!
The water moccasin bites you but does no damage.
The black bear barely misses you.
The black bear claws you but does no damage.
The black bear claws you.
* * * LOW HITPOINT WARNING * * *
You hit the black bear.
The black bear is almost dead.
The water moccasin bites you.
* * * LOW HITPOINT WARNING * * *
You block the black bear's attack.
GONNNNG!
The black bear claws you but does no damage.
You block the black bear's attack.
BOUMMMMG!
The necrophage hits you but does no damage.
Unknown command.
Okay, then.
Really quaff the potion of lignification?
Okay, then.
Unknown command.
Really quaff the potion of lignification?
You turn into a tree.
Your scarf of resistance melds into your body.
Your +0 scale mail melds into your body.
You feel hot and cold all over.
Your roots penetrate the ground.
The black bear bites you!
You die...

.##......#.....##
.##.##...#......##
.##..............#
................##
................#
........#.##....#######
....##....###.>..#.#..#
##...###......)nS.....##
.......##......h♣..#...#
....#...##.#.##.......##
..#####....####....#.##
.## #...## #....###
..#####...# ##..##
####......# ####..#
.......#..###.....#
..#..###..........#
..#.<..........#.##


You could see a water moccasin, a black bear (berserk) and a necrophage.

Vanquished Creatures
  2 black bears
  An ice beast (D:5)
  2 centaurs (D:5)
  A phantom (D:3)
  3 scorpions (D:5)
  A necrophage (D:5)
  2 jellies
  A hound (D:5)
  An iguana (D:5)
  4 adders
  A white imp (D:4)
  15 orcs
  8 endoplasms
  4 giant cockroaches
  8 hobgoblins
  2 jackals (D:2)
  3 quokkas
  3 ball pythons
  8 bats
  8 frilled lizards
  5 goblins
  7 kobolds
  5 rats
  A spectral goblin (D:5)
96 creatures vanquished.

Vanquished Creatures (others)
  A plant (D:1)
1 creature vanquished.

Grand Total: 97 creatures vanquished

Notes
Turn   | Place    | Note
-------+----------+-------------------------------------------
     0 | D:1      | nuthulu the Gargoyle Fighter began the quest for the Orb.
     0 | D:1      | Reached XP level 1. HP: 14/14 MP: 1/1
   303 | D:1      | Reached XP level 2. HP: 19/19 MP: 2/2
   920 | D:1      | Reached XP level 3. HP: 20/24 MP: 3/3
  2028 | D:2      | Reached XP level 4. HP: 17/30 MP: 4/4
  2417 | D:3      | Found a sacrificial altar of Ru.
  2570 | D:3      | Found an ornate altar of the Wu Jian Council.
  2589 | D:3      | Noticed a phantom
  2608 | D:3      | Killed a phantom
  2609 | D:3      | Reached skill level 5 in Fighting
  2609 | D:3      | Reached XP level 5. HP: 30/35 MP: 5/5
  2674 | D:3      | Found a faded altar of an unknown god.
  2742 | D:3      | Identified a scroll of acquirement
  2742 | D:3      | Acquired the +18 shield of the Gong {rElec rN+ Will+ EV-5}
  2742 | D:3      | Found the +18 shield of the Gong {rElec rN+ Will+ EV-5}
  3248 | D:3      | Found an ancient bone altar of Kikubaaqudgha.
  3613 | D:4      | Found a blossoming altar of Fedhas.
  4035 | D:5      | Entered Level 5 of the Dungeon
  4039 | D:5      | Reached XP level 6. HP: 40/41 MP: 6/6
  4074 | D:4      | HP: 1/41 [white imp (2)]
  4210 | D:5      | Noticed a black bear
  4520 | D:4      | Killed a black bear
  4521 | D:4      | Reached skill level 5 in Maces & Flails
  4528 | D:5      | Reached XP level 7. HP: 45/45 MP: 7/7
  4556 | D:5      | Reached skill level 5 in Shields
  4680 | D:5      | Reached XP level 8. HP: 51/51 MP: 8/8
  4688 | D:5      | Gained mutation: Your body sometimes deteriorates upon
                  | taking damage. [potion of mutation]
  4688 | D:5      | Gained mutation: Your mind is acute. (Int +4, Str/Dex -1)
                  | [potion of mutation]
  4756 | D:5      | Found a hazy altar of Hepliaklqana.
  4904 | D:5      | Found a basalt altar of Yredelemnul.
  5252 | D:5      | Slain by a black bear

Illustrated notes

Levels and vault maps discovered:
D:1:      minmay_arrival_hallway, layout_basic, minmay_lizard_king
D:2:      wander_river, layout_loops_ring, serial_rivers,
          chequers_serial_rivers_small_b, chequers_serial_rivers_micro_b,
          chequers_serial_rivers_micro_c, chequers_serial_rivers_large_a
D:3:      layout_basic, nicolae_kikubaaqudgha_miasma_corner,
          mainiacjoe_overflow_brackets, mainiacjoe_overflow_boulevard,
          ebering_ecumenical_altar_rust
D:4:      layout_basic, fedhas_altar_2
D:5:      layout_cave_pools, nicolae_hepliaklqana_monster_ancestors,
          nicolae_overflow_hidden_temple, portal_sewer_entry_e,
          amethyst_killhole, minmay_misc_feat_four_crosses, minmay_manual_mail
D:6:      layout_cave_pools, marbit_many_paths, lemuel_temple_firewalk_b,
          serial_shops, nicolae_shop_bloodbath_and_beyond, st_stairs_7,
          minmay_diced_spiral

Skill      XL: |  1  2  3  4  5  6  7  8 |
---------------+-------------------------+-----
Fighting       | 4 5 |  5.8
Maces & Flails | 3 4 5 6 |  6.8
Shields        | 4 5 6 |  6.2
Armour         | |  3.2

Action                   |  1- 3 |  4- 6 |  7- 9 || total
-------------------------+-------+-------+-------++-------
Melee: Flail             |   141 |   142 |    75 ||   358
  Use: Scroll            |     6 |     6 |     3 ||    15
       Potion            |       |     2 |     2 ||     4
Armor: Scale mail        |   131 |    67 |    47 ||   245
Dodge: Dodged            |    82 |    34 |     6 ||   122
Block: Buckler           |    37 |     8 |       ||    45
       Kite shield       |       |   148 |   157 ||   305

Table legend: (Time is in decaauts)
 A = Elapsed time spent in this place.
 B = Non-inter-level travel time spent in this place.
 C = Inter-level travel time spent in this place.
 D = Time resting spent in this place.
 E = Time spent auto-exploring this place.
 F = Levels seen in this place.
 G = Mean time per level.
                   A        B        C        D        E       F      G
               +--------+--------+--------+--------+--------+-----+--------+
         Total |   5397 |   5232 |    165 |    968 |   3057 |   6 |  899.5 |
       Dungeon |   5397 |   5232 |    165 |    968 |   3057 |   6 |  899.5 |
               +--------+--------+--------+--------+--------+-----+--------+

Top non-repeatable levels by time:
     D:1: 1387 daAuts
     D:3: 1127 daAuts
     D:2: 1069 daAuts
     D:4: 1006 daAuts
     D:5: 799 daAuts
     D:6: 7 daAuts
